[Event "36th Belgrade Trophy 2023"]
[Site "Belgrade"]
[Date "2023.11.28"]
[Round "4.15"]
[White "Carnic, Dejan"]
[Black "Trailovic, Aleksandar"]
[Result "1/2-1/2"]
[ECO "B15"]
[WhiteElo "1958"]
[BlackElo "2132"]
[Annotator "RC"]
[PlyCount "42"]
[EventDate "2023.10.23"]
[EventType "swiss"]
[EventCountry "SRB"]
[SourceTitle "playchess.com"]
[Source "ChessBase"]
[SourceQuality "1"]
[TimeControl "40/5400+30:900+30"]

1. e4 c6 2. d4 d5 3. Nc3 dxe4 4. Nxe4 Nf6 5. Nxf6+ exf6 6. c3 Bd6 7. Bd3 Na6 8. Ne2 Nc7 9. Bf4 Nd5 10. Bxd6 Qxd6 11. Qc2 g6 12. O-O h5 13. Rae1 Kf8 14. a3 Kg7 15. c4 Nc7 16. Qc3 Ne6 17. c5 Qd8 18. f4 Nc7 19. Bc4 h4 20. Qb3 Qd7 21. h3 Re8 1/2-1/2

[Event "36th Belgrade Trophy 2023"]
[Site "Belgrade"]
[Date "2023.11.29"]
[Round "5.1"]
[White "Bryakin, Mikhail"]
[Black "Blagojevic, Dragisa"]
[Result "1/2-1/2"]
[ECO "D31"]
[WhiteElo "2478"]
[BlackElo "2438"]
[Annotator "TA"]
[PlyCount "39"]
[EventDate "2023.10.23"]
[EventType "swiss"]
[EventCountry "SRB"]
[SourceTitle "playchess.com"]
[Source "ChessBase"]
[SourceQuality "1"]
[TimeControl "40/5400+30:900+30"]

1. d4 d5 2. c4 e6 3. Nc3 c6 4. e4 Bb4 5. cxd5 exd5 6. e5 {[%emt 0:00:00] D31: Queen's Gambit Declined: Semi-Slav without ...Nf6 (+ Marshall Gambit and Noteboom) and Exchange Variation lines without ...Nf6.} c5 7. a3 Bxc3+ 8. bxc3 {[%emt 0:00:00] White is slightly better.} Ne7 9. Nf3 Nbc6 10. Bd3 Bg4 11. O-O Qd7 {[%emt 0:00:00] [#]} 12. Be2 $146 ({Predecessor:} 12. dxc5 Bxf3 13. Qxf3 Nxe5 14. Qg3 Nxd3 15. Qxd3 O-O 16. Rb1 Rfc8 17. Qb5 Qxb5 18. Rxb5 {1-0 Zhukova,N (2328)-Kukelko,A (2312) Odessa-ch Region 2020 (9)}) 12... O-O 13. h3 Be6 14. dxc5 Qc7 15. Bf4 Ng6 16. Bh2 Qa5 {[%emt 0:01:00] [#]} 17. Qb3 (17. Bd3 $1 $16) 17... Qxc5 $11 18. Qxb7 Rab8 19. Qa6 Rb3 {[%emt 0:01:30] [#]} 20. Nd4 $1 {[%emt 0:00:00] Weighted Error Value: White=0.11 (very precise) /Black=0.09 (flawless)} 1/2-1/2

[Event "36th Belgrade Trophy 2023"]
[Site "Belgrade"]
[Date "2023.11.29"]
[Round "5.2"]
[White "Nenezic, Marko"]
[Black "Martic, Ivan"]
[Result "1/2-1/2"]
[ECO "A81"]
[WhiteElo "2499"]
[BlackElo "2292"]
[Annotator "TA"]
[PlyCount "65"]
[EventDate "2023.10.23"]
[EventType "swiss"]
[EventCountry "SRB"]
[SourceTitle "playchess.com"]
[Source "ChessBase"]
[SourceQuality "1"]
[TimeControl "40/5400+30:900+30"]

1. d4 f5 2. g3 Nf6 3. Bg2 g6 4. Nh3 Bg7 5. Nf4 Nc6 6. h4 e5 7. dxe5 {[%emt 0:00:36] A81: Dutch Defence: 2 g3.} Nxe5 8. h5 c6 9. c4 Qe7 10. Qc2 (10. h6 $5 Bf8 $8 11. b3 $11) 10... d6 11. Nc3 Bd7 {[%emt 0:07:40] [#]} 12. b3 $146 (12. h6 $5 Bf8 $8 13. Qb3 $11) ({Predecessor:} 12. hxg6 hxg6 13. Rxh8+ Bxh8 14. b3 O-O-O 15. Bb2 Be8 16. O-O-O Bg7 17. Kb1 g5 18. Nh3 Bg6 19. Ka1 g4 20. Nf4 Bh7 21. e3 Kb8 22. Nce2 Qd7 23. Bxe5 {1-0 Maksimenko,A (2430)-Todorovic,G (2400) YUG-chT2 Yugoslavia 1994 (10)}) 12... Nfg4 13. f3 Nf6 14. Bb2 O-O-O 15. O-O-O g5 16. Nd3 h6 17. Nxe5 dxe5 18. Bh3 {[%emt 0:00:57] [#]} (18. e4 $11) 18... Nxh5 (18... e4 $1 $17) 19. Bxf5 $11 {[%emt 0:03:19] The position is equal.} Nxg3 20. Bxd7+ Rxd7 21. Rh3 Rxd1+ {[%emt 0:01:26][%mdl 64] Remove Defender} 22. Nxd1 Qf7 23. Rxg3 {[%emt 0:03:16] [#] Hoping for Qe4.} Qf4+ 24. e3 $1 Qxg3 25. Qf5+ Kb8 {[%emt 0:03:17] White must now prevent ...Rd8.} 26. Qf7 Rd8 $1 27. Qxg7 Rxd1+ 28. Kxd1 Qxf3+ 29. Kc2 Qe2+ 30. Kb1 Qd3+ 31. Kc1 Qxe3+ 32. Kc2 Qe2+ 33. Kc1 {[%emt 0:00:13] An interesting draw.   Weighted Error Value: White=0.09 (flawless) /Black=0.07 (flawless)} 1/2-1/2

[Event "36th Belgrade Trophy 2023"]
[Site "Belgrade"]
[Date "2023.11.29"]
[Round "5.3"]
[White "Liu, Zexu"]
[Black "Stojanovic, Mihajlo"]
[Result "1/2-1/2"]
[ECO "E17"]
[WhiteElo "2286"]
[BlackElo "2490"]
[Annotator "TA"]
[PlyCount "59"]
[EventDate "2023.10.23"]
[EventType "swiss"]
[EventCountry "SRB"]
[SourceTitle "playchess.com"]
[Source "ChessBase"]
[SourceQuality "1"]
[TimeControl "40/5400+30:900+30"]

1. Nf3 Nf6 2. c4 b6 3. g3 Bb7 4. Bg2 e6 5. O-O Be7 6. Nc3 O-O 7. Re1 d5 8. cxd5 exd5 9. d4 c5 10. Bf4 Na6 11. Rc1 Ne4 12. dxc5 {[%emt 0:00:17] E17: Queen's Indian: 4 g3 Bb7 5 Bg2 Be7.} (12. h4 {simplifies} Nxc3 13. bxc3 Nc7 14. e3) 12... Bxc5 13. Rf1 Re8 {[%emt 0:20:35] [#]} 14. Be5 $146 ({Predecessor:} 14. a3 Qf6 15. Na4 Bf8 16. Be3 Nac5 17. Bd4 Qe7 18. Re1 g6 19. Nc3 Rad8 20. e3 {1-0 Popov,V (2545)-Ulybin,M (2580) Bydgoszcz op-A 2001 (6)}) 14... Nb4 15. a3 Nc6 16. Bf4 Nxc3 17. Rxc3 a5 18. Rd3 Ne7 19. Re1 Qc8 20. Be5 Qc6 21. e3 Rad8 22. Bc3 {[%emt 0:00:00] White is more active.} Qc8 23. Nd4 Ba6 {[%emt 0:00:00] White is slightly better.} 24. Rd2 Bxa3 {[%emt 0:01:00][%mdl 64] [#] Deflection} 25. Bxa5 bxa5 26. bxa3 Qc3 27. Rc2 Qxa3 28. Qa1 Qxa1 29. Rxa1 Bc4 30. Rxa5 {[%emt 0:01:00] Weighted Error Value: White=0.04 (flawless) /Black=0.05 (flawless)} (30. Bf1 $5 ) 1/2-1/2

[Event "36th Belgrade Trophy 2023"]
[Site "Belgrade"]
[Date "2023.11.29"]
[Round "5.4"]
[White "Djokic, Nenad"]
[Black "Kilic, Eray"]
[Result "0-1"]
[ECO "D39"]
[WhiteElo "2223"]
[BlackElo "2446"]
[Annotator "TA"]
[PlyCount "52"]
[EventDate "2023.10.23"]
[EventType "swiss"]
[EventCountry "SRB"]
[SourceTitle "playchess.com"]
[Source "ChessBase"]
[SourceQuality "1"]
[TimeControl "40/5400+30:900+30"]

1. d4 Nf6 2. Nf3 d5 3. c4 e6 4. Nc3 Bb4 5. Bg5 dxc4 6. e4 b5 7. e5 {[%emt 0:00:25] D39: Queen's Gambit Declined: Ragozin Defence with 5 Bg5 dxc4.} h6 $1 8. exf6 (8. Bh4 $5 g5 9. Nxg5 hxg5 10. Bxg5 $11 {[%mdl 64] Pin}) 8... hxg5 9. fxg7 {[%emt 0:00:07] White is slightly better.} Rg8 10. a4 Nd7 11. axb5 Bb7 {[%emt 0:00:04] [#]} 12. h4 $146 (12. Nd2 $14) ({Predecessor:} 12. Bxc4 g4 13. Ne5 Nxe5 14. dxe5 Qg5 15. O-O Rxg7 16. Qd4 Qh6 17. Ne4 Be7 18. Nf6+ {1-0 Parligras,M (2645)-Visakh,N (2489) ROM-chT Sovata 2018 (5.1)}) 12... g4 13. Ne5 Nxe5 14. dxe5 Qd5 {[%emt 0:00:50] Dancing on a razor blade.} 15. Qe2 {[%emt 0:11:48] [#]} (15. Qxg4 $2 {loses.} Bxc3+ 16. bxc3 Qxe5+ 17. Qe2 Qxc3+ 18. Qd2 Qxa1+ $19) (15. Qxd5 $11 exd5 16. O-O-O) 15... Rxg7 $19 16. Rd1 Qxb5 17. Rd2 Qc5 18. Qxc4 Qxe5+ 19. Be2 Bxc3 20. bxc3 (20. Qxc3 {was worth a try.} Qxc3 21. bxc3) 20... Bxg2 21. Rg1 Bd5 (21... Qh2 $19 22. Rxg2 Qxg2 23. Qxc7 Qh1+ 24. Bf1 Qe4+ 25. Be2 Qb1+ 26. Bd1 (26. Rd1 $2 Qb6 $19) 26... Qb6) 22. Qc5 $2 {[%emt 0:04:35] This costs White the game.} (22. Qa4+ $17 {was forced.} Ke7 23. Qb4+ (23. c4 $2 Bf3 $19) 23... Qd6 24. Qd4) 22... Rb8 {[%emt 0:02:17] [#] ...Rb1+ would be deadly.} 23. Qa3 $2 (23. Qd4 Qxd4 24. Rxd4) 23... g3 {[%emt 0:03:44] ( -> ...gxf2+)} 24. fxg3 Rxg3 25. Rxg3 Qxg3+ 26. Kd1 Qg1+ {[%emt 0:41:02] A cool game by Kilic.   Weighted Error Value: White=1.01/Black=0.17 (very precise)} 0-1

[Event "36th Belgrade Trophy 2023"]
[Site "Belgrade"]
[Date "2023.11.29"]
[Round "5.5"]
[White "Zubova, Mariya"]
[Black "Atalik, Suat"]
[Result "0-1"]
[ECO "C77"]
[WhiteElo "2157"]
[BlackElo "2427"]
[Annotator "TA"]
[PlyCount "80"]
[EventDate "2023.10.23"]
[EventType "swiss"]
[EventCountry "SRB"]
[SourceTitle "playchess.com"]
[Source "ChessBase"]
[SourceQuality "1"]
[TimeControl "40/5400+30:900+30"]

1. e4 e5 2. Nf3 Nc6 3. Bb5 a6 4. Ba4 Nf6 5. Nc3 b5 6. Bb3 Be7 7. d3 d6 8. a3 O-O 9. O-O Qd7 {[%emt 0:00:30] 9...Na5 is a critical line. C77: Ruy Lopez: 3...a6 4 Ba4 Nf6, unusual lines.} 10. Nd5 Nxd5 11. Bxd5 Rb8 {[%emt 0:01:00] The position is equal.} 12. c3 {[%emt 0:00:30] [#]} Bf6 $146 ({Predecessor:} 12... Nd8 13. d4 Bf6 14. Be3 Re8 15. dxe5 dxe5 16. Ba7 Rb7 17. Bxb7 Nxb7 18. Qxd7 Bxd7 {1-0 Wedberg,T (2455)-Persson,A (2155) SWE-chT 1718 Superettan 2017 (5)}) 13. d4 Ne7 14. Ba2 Ng6 15. Be3 exd4 16. cxd4 Bb7 17. Qc2 Rfe8 18. Nd2 {[%emt 0:00:30] [#]} c5 $1 {[%emt 0:00:30][%mdl 64] Deflection} 19. dxc5 (19. d5 Rbc8) 19... dxc5 20. Bxc5 (20. Qxc5 $15 Ne5 21. Bd5) 20... Nf4 $1 $17 21. f3 {[%emt 0:00:00] Wards off Qg4} Bd4+ (21... Rbc8 $19 22. Nb3 Ne6) 22. Bxd4 Qxd4+ 23. Kh1 Rbc8 24. Nb3 Rxc2 25. Nxd4 Rxb2 26. g3 Nh3 27. Rfb1 Rd2 28. Nb3 Rc2 {[%emt 0:01:30][%cal Oe8e4] Black has more active pieces.} 29. Nd4 Rd2 30. Nb3 Re2 {[%emt 0:01:00][%cal Oe8e4] ...R8xe4! is the strong threat.} (30... Rf2 $5 31. Nc5 Rc8 $11) 31. Nc5 Ng5 $40 {[%emt 0:00:30][%cal Og5f3][%mdl 128] Black has some attack.} 32. Re1 $1 (32. Nxb7 Nxf3) 32... Rd2 (32... Rc2 $5 33. Rec1 $8 (33. Nxb7 {leads to mate.} Nxf3) 33... Rd2 $11) 33. Re3 {[%emt 0:00:30] [#]} (33. Nxb7 Nxf3) (33. Red1 $11 Rc2 34. Rdc1 (34. Nxb7 Nxf3)) 33... Rc8 $1 34. Nb3 (34. Nxb7 {gets mated.} Rcc2 35. Bxf7+ Kxf7) 34... Rb2 35. Nd4 {[%emt 0:00:30] Dodges Rcc2} Rd2 36. Nb3 Rf2 {[%emt 0:00:30][%cal Oc8c2] ( -> ...Rcc2!)} 37. Nd4 {[%emt 0:00:30] Prevents Rcc2.} g6 38. h4 Nh3 {[%emt 0:00:30] Strongly threatening ...Rd8.} 39. Bb3 {[%emt 0:00:30] [#]} Rd8 $1 ({Reject} 39... Rd2 $6 40. Ne2 Nf2+ 41. Kg2 $11) 40. Rd1 (40. Ne2 $17) 40... Rb2 {[%emt 0:00:00] Weighted Error Value: White=0.28 (precise) /Black=0.15 (very precise)} 0-1

[Event "36th Belgrade Trophy 2023"]
[Site "Belgrade"]
[Date "2023.11.29"]
[Round "5.6"]
[White "Pap, Misa"]
[Black "Besedes, Danilo"]
[Result "1-0"]
[ECO "B15"]
[WhiteElo "2426"]
[BlackElo "2277"]
[Annotator "TA"]
[PlyCount "67"]
[EventDate "2023.10.23"]
[EventType "swiss"]
[EventCountry "SRB"]
[SourceTitle "playchess.com"]
[Source "ChessBase"]
[SourceQuality "1"]
[TimeControl "40/5400+30:900+30"]

1. e4 g6 2. d4 Bg7 3. Nc3 c6 4. h3 d5 5. Nf3 dxe4 6. Nxe4 Nf6 7. Nxf6+ exf6 8. Bd3 O-O 9. O-O {[%emt 0:00:05] Active counter play!} a5 {[%emt 0:02:24] B15: Caro-Kann: 3 Nc3: 3...g6 and 3...dxe4 4 Nxe4 Nf6 5 Nxf6+ exf6.} 10. Re1 Na6 11. c3 Nc7 {[%emt 1:28:47] The position is equal.} 12. Bd2 {[%emt 0:12:51] [#]} Be6 $146 ({Predecessor:} 12... a4 13. c4 Ne6 14. Bc3 Qd6 15. Qd2 Rd8 16. Rad1 b6 17. Bf1 Bb7 18. Qc2 Qc7 {1-0 Santos Latasa,J (2639)-Vastrukhin,O (2376) Wch Rapid Warsaw 2021 (8)}) 13. c4 Qd7 14. Qc2 b5 15. b3 Rfc8 16. Bc3 Ne8 17. Bd2 (17. a4 $5 ) 17... Nd6 18. Rad1 Bf8 19. Bf4 Nf5 20. Be4 bxc4 21. bxc4 Nd6 (21... Bb4 $11 {keeps the balance.}) 22. Nd2 ({White should play} 22. Ne5 $1 $16 fxe5 23. dxe5) 22... Qa7 23. Bxd6 Bxd6 24. c5 Bf8 25. Nc4 Rc7 {[%emt 0:00:00] [#]} (25... Bxc4 $11 {remains equal.} 26. Qxc4 f5) 26. Nb6 $1 $16 Rd8 27. Qa4 Qb7 28. Qxa5 f5 29. Bf3 Bg7 $2 {[%emt 0:00:00] [#] A mistake that costs the game.} (29... Qa7 $16 30. Qxa7 Rxa7 31. Bxc6 Bxa2) 30. d5 $1 $18 cxd5 31. Bxd5 Rxd5 (31... Qb8 {is a better defense.} 32. a4 Ra7) 32. Nxd5 {[%emt 0:02:57] White is clearly winning.} Rc8 {[%emt 0:00:13] [#]} 33. c6 $1 Rxc6 34. Rb1 {[%emt 0:02:33] Weighted Error Value: White=0.09 (flawless) /Black=0.40} 1-0

[Event "36th Belgrade Trophy 2023"]
[Site "Belgrade"]
[Date "2023.11.29"]
[Round "5.7"]
[White "Gusev, Mikhail"]
[Black "Antic, Dejan"]
[Result "1-0"]
[ECO "C12"]
[WhiteElo "2055"]
[BlackElo "2362"]
[Annotator "RC"]
[PlyCount "87"]
[EventDate "2023.10.23"]
[EventType "swiss"]
[EventCountry "SRB"]
[SourceTitle "playchess.com"]
[Source "ChessBase"]
[SourceQuality "1"]
[TimeControl "40/5400+30:900+30"]

1. d4 e6 2. e4 d5 3. Nc3 Nf6 4. Bg5 h6 5. Bxf6 Qxf6 6. exd5 Bb4 7. Bb5+ Bd7 8. Bxd7+ Nxd7 9. dxe6 Qxe6+ 10. Qe2 Bxc3+ 11. bxc3 Qxe2+ 12. Nxe2 O-O-O 13. O-O-O Nb6 14. Rhe1 Rd5 15. Nf4 Ra5 16. Kb2 Nc4+ 17. Ka1 Ra3 18. Re7 Nd6 19. Rd3 Kd8 20. Re1 Re8 21. Rxe8+ Kxe8 22. Nd5 Kd7 23. Ne3 Ra4 24. Kb2 f5 25. f4 g5 26. g3 c6 27. Rd1 Ke6 28. Kb3 b5 29. Re1 Kf7 30. fxg5 hxg5 31. Rf1 Kg6 32. h4 Ra6 33. Nxf5 Nxf5 34. h5+ Kxh5 35. Rxf5 Kg4 36. Re5 Rb6 37. Kb4 Ra6 38. Kc5 Rxa2 39. Kxc6 Rxc2 40. Rc5 a6 41. d5 Kf5 42. d6+ Ke6 43. Kc7 a5 44. d7 1-0

[Event "36th Belgrade Trophy 2023"]
[Site "Belgrade"]
[Date "2023.11.29"]
[Round "5.8"]
[White "Milosevic, Milos"]
[Black "Popchev, Milko"]
[Result "1-0"]
[ECO "C41"]
[WhiteElo "2362"]
[BlackElo "2244"]
[Annotator "RC"]
[PlyCount "85"]
[EventDate "2023.10.23"]
[EventType "swiss"]
[EventCountry "SRB"]
[SourceTitle "playchess.com"]
[Source "ChessBase"]
[SourceQuality "1"]
[TimeControl "40/5400+30:900+30"]

1. e4 d6 2. d4 e5 3. Nf3 exd4 4. Nxd4 Nf6 5. Nc3 Be7 6. Bf4 O-O 7. Qd2 Nc6 8. O-O-O Nxd4 9. Qxd4 Nd7 10. Kb1 Nb6 11. f3 Bg5 12. Qd2 Bxf4 13. Qxf4 Qe7 14. g4 Be6 15. Qg3 Rad8 16. f4 f6 17. Bg2 c6 18. Rhe1 Bf7 19. h4 Qe6 20. b3 Qe7 21. g5 Bh5 22. Rd3 Rde8 23. Rde3 Qf7 24. Rf1 Qe7 25. Ree1 Rd8 26. Rg1 Qf7 27. Bh3 Qe7 28. gxf6 Qxf6 29. e5 dxe5 30. Rxe5 Bf7 31. Ne4 Qh6 32. Rg5 Kh8 33. Rxg7 Nd5 34. f5 Rg8 35. Rxg8+ Rxg8 36. Qe5+ Rg7 37. Rg5 b5 38. c4 bxc4 39. bxc4 Nb6 40. Nd6 Kg8 41. Qe7 Rxg5 42. Qxf7+ Kh8 43. hxg5 1-0

[Event "36th Belgrade Trophy 2023"]
[Site "Belgrade"]
[Date "2023.11.29"]
[Round "5.9"]
[White "Poleksic, Dusan"]
[Black "Mezentsev, Ivan"]
[Result "0-1"]
[ECO "D36"]
[WhiteElo "2068"]
[BlackElo "2362"]
[Annotator "RC"]
[PlyCount "86"]
[EventDate "2023.10.23"]
[EventType "swiss"]
[EventCountry "SRB"]
[SourceTitle "playchess.com"]
[Source "ChessBase"]
[SourceQuality "1"]
[TimeControl "40/5400+30:900+30"]

1. d4 d5 2. c4 e6 3. Nc3 Nf6 4. cxd5 exd5 5. Bg5 c6 6. Qc2 Be7 7. e3 Nbd7 8. Bd3 h6 9. Bh4 Nh5 10. Bxe7 Qxe7 11. O-O-O Nb6 12. h3 Nf6 13. Nf3 Be6 14. Ne5 O-O-O 15. Kb1 Kb8 16. Na4 Nfd7 17. Nxb6 Nxe5 18. Na4 Nxd3 19. Qxd3 Qg5 20. g4 Bc8 21. Ka1 h5 22. f4 Qe7 23. g5 Rde8 24. Rde1 h4 25. Nc5 f6 26. gxf6 gxf6 27. Rh2 Rhg8 28. Rhe2 Rg3 29. Qd2 Bf5 30. a3 Qh7 31. Qb4 b6 32. Na4 Qe7 33. Qc3 Qd6 34. Qd2 Bxh3 35. e4 dxe4 36. Rxe4 Rxe4 37. Rxe4 Rg1+ 38. Re1 Rxe1+ 39. Qxe1 Qxd4 40. Qe8+ Bc8 41. Nc3 h3 42. Qxc6 h2 43. Nb5 Qc5 0-1

[Event "36th Belgrade Trophy 2023"]
[Site "Belgrade"]
[Date "2023.11.29"]
[Round "5.10"]
[White "Bjelanovic, Mile"]
[Black "Enkhnar, Enkhbaatar"]
[Result "0-1"]
[ECO "B30"]
[WhiteElo "2033"]
[BlackElo "2327"]
[Annotator "RC"]
[PlyCount "51"]
[EventDate "2023.10.23"]
[EventType "swiss"]
[EventCountry "SRB"]
[SourceTitle "playchess.com"]
[Source "ChessBase"]
[SourceQuality "1"]
[TimeControl "40/5400+30:900+30"]

1. e4 c5 2. Nf3 Nc6 3. Bb5 Qc7 4. O-O a6 5. Bxc6 dxc6 6. d3 e5 7. Nbd2 f6 8. Nc4 Be6 9. Bd2 a5 10. Qe2 g5 11. a4 Ne7 12. c3 Ng6 13. Rfd1 h5 14. Be3 g4 15. Ne1 Qf7 16. Rd2 h4 17. g3 f5 18. exf5 Qxf5 19. d4 cxd4 20. cxd4 Qe4 21. Nb6 hxg3 22. fxg3 Rd8 23. d5 Bb4 24. Rc2 cxd5 25. Nd3 d4 26. Bg5 0-1

[Event "36th Belgrade Trophy 2023"]
[Site "Belgrade"]
[Date "2023.11.29"]
[Round "5.11"]
[White "Veleski, Robert"]
[Black "Scekic, Veljko"]
[Result "1/2-1/2"]
[ECO "A46"]
[WhiteElo "2064"]
[BlackElo "2211"]
[Annotator "NA RC"]
[PlyCount "80"]
[EventDate "2023.10.23"]
[EventType "swiss"]
[EventCountry "SRB"]
[SourceTitle "playchess.com"]
[Source "ChessBase"]
[SourceQuality "1"]
[TimeControl "40/5400+30:900+30"]

1. d4 Nf6 2. Bg5 e6 3. e4 h6 4. Bxf6 Qxf6 5. Nf3 d6 6. Nc3 c6 7. e5 Qd8 8. exd6 Nd7 9. Bc4 Bxd6 10. Ne4 Nf6 11. Nxd6+ Qxd6 12. O-O O-O 13. a4 b6 14. Qe2 c5 15. Rfd1 Bb7 16. Qe5 Qxe5 17. Nxe5 Rfc8 18. c3 cxd4 19. Rxd4 Rc5 20. f4 Rac8 21. Rad1 g5 22. Rd8+ Rxd8 23. Rxd8+ Kg7 24. g3 gxf4 25. gxf4 Rc7 26. Kf2 Ng4+ 27. Nxg4 Rxc4 28. Kg3 Rxa4 29. Ne5 Be4 30. Rd7 Bg6 31. Nc6 a6 32. Nd4 Kf6 33. f5 Bxf5 34. Nxf5 Kxf5 35. Rxf7+ Ke5 36. h4 Ra2 37. b4 Rc2 38. Rc7 h5 39. Rc6 Kd5 40. Rxb6 Rxc3+ 1/2-1/2

[Event "36th Belgrade Trophy 2023"]
[Site "Belgrade"]
[Date "2023.11.29"]
[Round "5.12"]
[White "Savic, Mihailo S"]
[Black "Gvozdenovic, Milos"]
[Result "1-0"]
[ECO "C68"]
[WhiteElo "2157"]
[BlackElo "2057"]
[Annotator "NA RC"]
[PlyCount "61"]
[EventDate "2023.10.23"]
[EventType "swiss"]
[EventCountry "SRB"]
[SourceTitle "playchess.com"]
[Source "ChessBase"]
[SourceQuality "1"]
[TimeControl "40/5400+30:900+30"]

1. e4 e5 2. Nf3 Nc6 3. Bb5 a6 4. Bxc6 dxc6 5. O-O Bg4 6. h3 h5 7. d3 Qf6 8. Nbd2 g5 9. b4 Qg7 10. Nc4 f6 11. Rb1 Be6 12. h4 O-O-O 13. Qe2 gxh4 14. Nxh4 Ne7 15. Ne3 Rg8 16. a4 Ng6 17. Nxg6 Qxg6 18. Qf3 Bh6 19. Nf5 Bxf5 20. exf5 Qg7 21. Be3 h4 22. b5 e4 23. dxe4 Bxe3 24. fxe3 Qh7 25. bxa6 b6 26. Rbd1 Rxd1 27. Rxd1 h3 28. g3 h2+ 29. Kg2 Rh8 30. Kh1 Qh3 31. e5 1-0

[Event "36th Belgrade Trophy 2023"]
[Site "Belgrade"]
[Date "2023.11.29"]
[Round "5.13"]
[White "Milicevic, Aleksa"]
[Black "Savic, Nemanja"]
[Result "0-1"]
[ECO "D37"]
[WhiteElo "2029"]
[BlackElo "2136"]
[Annotator "NA RC"]
[PlyCount "72"]
[EventDate "2023.10.23"]
[EventType "swiss"]
[EventCountry "SRB"]
[SourceTitle "playchess.com"]
[Source "ChessBase"]
[SourceQuality "1"]
[TimeControl "40/5400+30:900+30"]

1. d4 d5 2. Nf3 Nf6 3. c4 e6 4. Nc3 a6 5. cxd5 exd5 6. Bf4 Bd6 7. Bg3 Bxg3 8. hxg3 c6 9. e3 Be6 10. Bd3 Nbd7 11. Qc2 Qe7 12. O-O O-O 13. Rfe1 Rfe8 14. Rab1 g6 15. Rbc1 Rec8 16. Na4 Ne8 17. a3 Nd6 18. Ne5 Re8 19. Nf3 Bf5 20. Bxf5 Nxf5 21. Qb3 Nd6 22. Nd2 Kg7 23. Nb6 Nxb6 24. Qxb6 h5 25. Qc5 Rad8 26. Qc3 Qf6 27. Nf3 Ne4 28. Qc2 g5 29. Qe2 Rh8 30. b4 Rh6 31. Ne5 g4 32. a4 Qg5 33. b5 axb5 34. axb5 Rdd6 35. bxc6 bxc6 36. Rc2 f6 0-1

[Event "36th Belgrade Trophy 2023"]
[Site "Belgrade"]
[Date "2023.11.29"]
[Round "5.14"]
[White "Trailovic, Aleksandar"]
[Black "Kostic, Vladimir V"]
[Result "1-0"]
[ECO "D15"]
[WhiteElo "2132"]
[BlackElo "2041"]
[Annotator "NA RC"]
[PlyCount "94"]
[EventDate "2023.10.23"]
[EventType "swiss"]
[EventCountry "SRB"]
[SourceTitle "playchess.com"]
[Source "ChessBase"]
[SourceQuality "1"]
[TimeControl "40/5400+30:900+30"]

1. d4 d5 2. c4 c6 3. Nc3 Nf6 4. Nf3 a6 5. c5 Nbd7 6. Bf4 g6 7. e3 Bg7 8. h3 O-O 9. Bd3 Ne8 10. O-O Nc7 11. Re1 Re8 12. Qc2 e5 13. Nxe5 Nxe5 14. Bxe5 Bxe5 15. dxe5 Qe7 16. f4 Qxc5 17. Ne4 Qxc2 18. Nf6+ Kh8 19. Bxc2 Re7 20. Kf2 Ne8 21. e4 dxe4 22. Nxe4 Bf5 23. Rad1 Kg7 24. Bb3 Bxe4 25. Rxe4 Nc7 26. Red4 Rae8 27. Rd7 f6 28. exf6+ Kxf6 29. R1d6+ Kg7 30. a4 a5 31. g4 Na6 32. f5 gxf5 33. gxf5 Rxd7 34. f6+ Kh8 35. Rxd7 Nc5 36. Re7 Rf8 37. Bf7 Nd3+ 38. Ke3 Nxb2 39. Rxb7 Nxa4 40. Kd4 h6 41. Ke5 Nc5 42. Ra7 Nd3+ 43. Kf5 Rd8 44. Rxa5 Rb8 45. Bc4 Rd8 46. Bxd3 Rxd3 47. Ra2 Kh7 1-0

[Event "36th Belgrade Trophy 2023"]
[Site "Belgrade"]
[Date "2023.11.29"]
[Round "5.15"]
[White "Jandric, Damjan"]
[Black "Javadov, Habil"]
[Result "1/2-1/2"]
[ECO "C02"]
[WhiteElo "2121"]
[BlackElo "2026"]
[Annotator "RC"]
[PlyCount "138"]
[EventDate "2023.10.23"]
[EventType "swiss"]
[EventCountry "SRB"]
[SourceTitle "playchess.com"]
[Source "ChessBase"]
[SourceQuality "1"]
[TimeControl "40/5400+30:900+30"]

1. e4 e6 2. d4 d5 3. e5 c5 4. c3 Nc6 5. Nf3 Bd7 6. a3 c4 7. Nbd2 Na5 8. g3 Bc6 9. Bg2 Qd7 10. O-O Ba4 11. Qe2 Ne7 12. Nh4 O-O-O 13. f4 g6 14. Re1 Nb3 15. Nxb3 Bxb3 16. Be3 Nf5 17. Nxf5 exf5 18. Bf3 h5 19. h3 Be7 20. Qg2 Ba4 21. Re2 a5 22. Rae1 Qe6 23. Bc1 Kb8 24. Rf2 Ka7 25. Kh2 Rh7 26. Rh1 Bc6 27. Bd1 b5 28. Re1 Bb7 29. Kg1 Bc8 30. b3 cxb3 31. Bxb3 h4 32. a4 hxg3 33. Ra2 b4 34. cxb4 Bxb4 35. Re3 Bb7 36. Rc2 Qb6 37. Rxg3 Kb8 38. Bb2 Rhh8 39. Kh2 Qe6 40. Qf3 Rc8 41. Rgg2 Rxc2 42. Rxc2 Rc8 43. Rxc8+ Kxc8 44. Bc3 Kb8 45. Bxb4 axb4 46. Qg2 Qc6 47. Qd2 Qc3 48. Qxc3 bxc3 49. Kg3 Ba6 50. Kf2 Bc4 51. Bc2 Kb7 52. Ke1 Kb6 53. Kd1 Ka5 54. Kc1 Kb4 55. Bd1 Ba6 56. h4 Bc8 57. h5 gxh5 58. Bxh5 Be6 59. Kc2 Bd7 60. a5 Ba4+ 61. Kc1 Kxa5 62. Bxf7 Bc6 63. Bh5 Kb4 64. Be2 Bd7 65. Bf1 Kb3 66. Bd3 Be6 67. Kb1 Bd7 68. Kc1 Be6 69. Kb1 Bd7 1/2-1/2